 Dungeon Crawl Stone Soup version 0.29.1-1-gd02db6906a (webtiles) character file.

Game seed: 11165866600085377774

915 sentinel the Digger (level 8, -1/66 HPs)
             Began as a Meteoran Earth Elementalist on Oct 8, 2022.
             Was an Initiate of Cheibriados.
             Slain by an orc warrior
             ... wielding a +0 trident
              (15 damage)
             ... on level 7 of the Dungeon.
             The game lasted 00:09:31 (974 turns).

sentinel the Digger (Meteoran Earth Elementalist)    Turns: 974, Time: 00:09:31

Health: -1/66      AC:  3    Str: 16    XL:     8   Next: 56%
Magic:  13/15      EV: 12    Int: 21    God:    Cheibriados [......]
Gold:   0          SH:  0    Dex: 15    Spells: 5/15 levels left

rFire   . . .      SeeInvis .   (no weapon)
rCold   . . .      Faith    .   (no shield)
rNeg    + . .      Spirit   .   a - +0 robe
rPois   .          Reflect  .   e - +0 helmet
rElec   .          Harm     +   m - scarf {harm}
rCorr   .          Rampage  .   (no gloves)
Will    +....                   (no boots)
Stlth   +.........              (no amulet)
HPRegen 0.21/turn               l - ring of positive energy
MPRegen 0.14/turn               f - +6 ring of strength

@: glowing, very slow
A: sense surroundings 1, otherworldly, glowing, explore regen
a: Renounce Religion


You were on level 7 of the Dungeon.
You worshipped Cheibriados.
Cheibriados was noncommittal.
You visited 2 branches of the dungeon, and saw 9 of its levels.

Inventory:

Missiles
 q - 3 boomerangs
Armour
 a - a +0 robe (worn)
 e - a +0 helmet (worn)
 m - a scarf of harm (worn)
Jewellery
 f - a +6 ring of strength (right hand)
 l - a ring of positive energy (left hand)
Scrolls
 g - a scroll of immolation
 i - a scroll of poison
 p - a scroll of summoning {unknown}
 t - 2 scrolls of teleportation
Potions
 b - a potion of magic
 c - a potion of mutation {unknown}
 d - 3 potions of might {unknown}
 h - 3 potions of flight
 j - a potion of heal wounds {unknown}
 k - a potion of haste {unknown}
 n - 2 potions of curing {unknown}
 o - a potion of attraction {unknown}


   Skills:
 - Level 4.0 Fighting
 - Level 2.4 Dodging
 - Level 1.4 Stealth
 - Level 4.0 Spellcasting
 - Level 5.0 Conjurations
 + Level 5.4 Translocations
 - Level 1.2 Transmutations
 - Level 6.1 Earth Magic


You had 5 spell levels left.
You knew the following spells:

 Your Spells              Type           Power      Damage    Failure   Level
a - Sandblast             Erth           60%        2d14      1%          1
b - Stone Arrow           Conj/Erth      54%        3d10      3%          3
c - Passwall              Tmut/Erth      15%        N/A       4%          2
z - Passage of Golubria   Tloc           27%        N/A       13%         4

Your spell library contained the following spells:

 Spells                   Type           Power      Damage    Failure   Level
 Beastly Appendage        Tmut           18%        N/A       8%          1
 Wereblood                Tmut           9%         N/A       11%         2
 Petrify                  Tmut/Erth      19%        N/A       26%         4
 Spider Form              Tmut/Pois      6%         N/A       28%         3
 Tukima's Dance           Hex            4%         N/A       34%         3
 Yara's Violent Unravell  Hex/Tmut       3%         3d4       95%         5


Dungeon Overview and Level Annotations

Branches:
Dungeon (8/15) Zot: 5871   Temple (1/1) D:6 Zot: 774
   Lair: D:8-11

Altars:
Cheibriados
Hepliaklqana
Makhleb
Qazlal
Vehumet
Wu Jian
Xom
Yredelemnul
The Shining One

Annotations:
D:8 Joseph


Innate Abilities, Weirdness & Mutations

You passively map a small area around you.
You are easily found by Zot.
You glow in the dark.
You regain HP and MP as you explore.


Message History

The blast of sand hits the kobold!
You kill the kobold!
Cheibriados appreciates the change of pace.
You feel sick.
Joseph, a Mercenary comes into view.
He is wielding a +0 quarterstaff.
You aren't carrying any items that you can evoke.
Unknown command.
Okay, then.
Casting: Sandblast (safe; 1% risk of failure)
Confirm with . or Enter, or press ? or * to list all spells.
Aiming: Passage of Golubria (dangerous; 16% risk of failure)
Press: ? - help, Dir - move target You feel sick.
An orc comes into view. It is wielding a +1 vampiric whip.
Joseph shouts, "At last, some action!"
You feel sick.
The orc shouts!
You climb upwards.
You feel sick.
There is a stone staircase leading down here.
You feel sick.
You feel sick.
You are no longer poisoned.
HP restored.
Casting: Passage of Golubria (dangerous; 16% risk of failure)
Confirm with . or Enter, or press ? or * to list all spells.
Aiming: Passage of Golubria (dangerous; 16% risk of failure)
Press: ? - help, Dir - move target Really walk into that teleport trap?
You enter a teleport trap!
The teleport trap disappears.
Your surroundings suddenly seem different.
Found 20 gold pieces. 2 kobolds come into view.
A kobold is wielding a +0 dagger and quivering poisoned darts.
Found 9 gold pieces.
The kobold throws a stone.
The stone hits you but does no damage.
A kobold comes into view. It is wielding a +0 dagger.
The kobold shouts!
You hear a shout! x2
A kobold comes into view. It is wielding a +0 short sword.
A kobold brigand comes into view.
It is wielding a +0 club and quivering poisoned darts.
You can't see any susceptible monsters within range! (Use Z to cast anyway.)
You can't see any susceptible monsters within range! (Use Z to cast anyway.)
A kobold comes into view. It is wielding a +0 dagger.
The kobold throws a stone.
The stone hits you but does no damage.
A kobold comes into view. It is wielding a +0 whip.
The kobold throws a poisoned dart.
The poisoned dart closely misses you.
A kobold comes into view.
It is wielding a +1 short sword of protection.
The blast of sand hits the kobold!
You kill the kobold!
Cheibriados appreciates the change of pace.
The kobold shouts! x2
The blast of sand hits the kobold.
You kill the kobold!
Cheibriados appreciates the change of pace.
The kobold throws a poisoned dart.
The poisoned dart misses you.
An orc comes into view. It is wielding a +0 club.
The orc moves out of view.
Casting: Sandblast (safe; 1% risk of failure)
Confirm with . or Enter, or press ? or * to list all spells.
Aiming: Stone Arrow (dangerous; 3% risk of failure)
Press: ? - help, Shift-Dir - straight line, f - kobold
Aim: a kobold, wielding a +0 dagger and quivering poisoned darts (64% to hit)
The stone arrow hits the kobold brigand!
You kill the kobold brigand!
Cheibriados appreciates the change of pace.
The kobold throws a stone.
The stone hits you but does no damage.
Your Translocations skill increases to level 5!
The blast of sand hits the kobold!!
You kill the kobold!
Cheibriados thoroughly appreciates the change of pace.
An orc warrior comes into view. It is wielding a +0 trident.
The blast of sand hits the kobold!
You kill the kobold!
Cheibriados thoroughly appreciates the change of pace.
The orc warrior shouts!
The orc shouts!
The kobold throws a stone.
The stone hits you but does no damage.
The kobold hits you with a +0 short sword.
An orc wizard comes into view. It is wielding a +0 dagger.
The blast of sand hits the kobold!
You kill the kobold!
Cheibriados thoroughly appreciates the change of pace.
The orc wizard shouts!
The kobold barely misses you.
Casting: Sandblast (safe; 1% risk of failure)
Confirm with . or Enter, or press ? or * to list all spells.
Aiming: Stone Arrow (dangerous; 3% risk of failure)
Press: ? - help, Shift-Dir - straight line, f - kobold
Aim: a kobold, wielding a +0 short sword (64% to hit)
Okay, then.
The blast of sand hits the kobold!!
You kill the kobold!
Cheibriados appreciates the change of pace.
The kobold hits you but does no damage.
Casting: Sandblast (safe; 1% risk of failure)
Confirm with . or Enter, or press ? or * to list all spells.
Aiming: Stone Arrow (dangerous; 3% risk of failure)
Press: ? - help, Shift-Dir - straight line, f - orc wizard
Aim: an orc wizard, wielding a +0 dagger and wearing a +0 robe (64% to hit)
Okay, then.
Casting: Stone Arrow (dangerous; 3% risk of failure)
Confirm with . or Enter, or press ? or * to list all spells.
Aiming: Sandblast (safe; 1% risk of failure)
Press: ? - help, Shift-Dir - straight line, f - orc warrior
Aim: an orc warrior, wielding a +0 trident and wearing a +0 chain mail (82% to hit)
The blast of sand hits the orc!
You kill the orc!
Cheibriados appreciates the change of pace.
The kobold closely misses you.
Casting: Sandblast (safe; 1% risk of failure)
Confirm with . or Enter, or press ? or * to list all spells.
Aiming: Stone Arrow (dangerous; 3% risk of failure)
Press: ? - help, Shift-Dir - straight line, f/p - orc warrior
Aim: an orc warrior, wielding a +0 trident and wearing a +0 chain mail (68% to hit)
The stone arrow hits the orc warrior.
The orc warrior is lightly wounded.
The kobold hits you with a +1 short sword of protection.
The orc warrior barely misses you.
Casting: Stone Arrow (dangerous; 3% risk of failure)
Confirm with . or Enter, or press ? or * to list all spells.
Aiming: Stone Arrow (dangerous; 3% risk of failure)
Press: ? - help, Shift-Dir - straight line, f - orc wizard, p - orc warrior
Aim: an orc wizard, wielding a +0 dagger and wearing a +0 robe (64% to hit)
The stone arrow hits the orc warrior!
The orc warrior is heavily wounded.
The kobold hits you with a +1 short sword of protection.
The orc warrior hits you from afar with a +0 trident!
Casting: Stone Arrow (dangerous; 3% risk of failure)
Confirm with . or Enter, or press ? or * to list all spells.
You don't have enough magic to cast this spell.
Unknown command.
Okay, then.
The kobold hits you with a +1 short sword of protection.
The orc warrior hits you from afar with a +0 trident! x2
The kobold hits you but does no damage.
Things that are here:
a +0 dagger; 3 poisoned darts Magic courses through your body.
The orc wizard hits you with a +0 dagger.
The kobold hits you with a +1 short sword of protection.
The orc warrior hits you from afar with a +0 trident.
Casting: Stone Arrow (dangerous; 3% risk of failure)
Confirm with . or Enter, or press ? or * to list all spells.
Aiming: Stone Arrow (dangerous; 3% risk of failure)
Press: ? - help, Shift-Dir - straight line, f - orc warrior, p - orc wizard
Aim: an orc warrior, wielding a +0 trident and wearing a +0 chain mail (heavily wounded, 68% to hit)
The stone arrow hits the orc wizard!
You kill the orc wizard!
Cheibriados appreciates the change of pace.
The kobold hits you with a +1 short sword of protection.
The orc warrior hits you from afar with a +0 trident!
You die...

#........###...##
#...$....#.......
........#.......
########.............
#....................
####.................###
.........$...........###
,............###.######<.
, .......@....###.# ###
...$.))K........#
......o.....#####
.....)......#
.....######## .....* ....
, .... *


You could see an orc warrior and a kobold.

Vanquished Creatures
  Menkaure (D:4)
  A water moccasin (D:5)
  A sky beast (D:7)
  An orc warrior (D:6)
  2 kobold brigands
  A bullfrog (D:7)
  A hound (D:5)
  A jelly (D:4)
  Ijyb (D:5)
  An iguana (D:5)
  3 orc wizards
  4 gnolls
  An adder (D:4)
  A white imp (D:6)
  An ufetubus (D:5)
  24 orcs
  A bat (D:3)
  2 endoplasms (D:4)
  3 goblins
  3 hobgoblins
  11 kobolds
  A quokka (D:1)
  6 ball pythons
  2 frilled lizards
74 creatures vanquished.

Notes
Turn   | Place    | Note
-------+----------+-------------------------------------------
     0 | D:1      | sentinel the Meteoran Earth Elementalist began the quest
                  | for the Orb.
     0 | D:1      | Reached XP level 1. HP: 14/14 MP: 5/5
    26 | D:1      | Reached skill level 4 in Earth Magic
    26 | D:1      | Reached XP level 2. HP: 20/20 MP: 3/6
   148 | D:2      | Learned a level 2 spell: Passwall
   183 | D:3      | Reached XP level 3. HP: 26/26 MP: 2/8
   214 | D:3      | Reached skill level 5 in Earth Magic
   233 | D:3      | Learned a level 3 spell: Stone Arrow
   278 | D:3      | Reached XP level 4. HP: 25/33 MP: 7/9
   329 | D:3      | Found a glowing golden altar of the Shining One.
   405 | D:4      | Reached skill level 6 in Earth Magic
   409 | D:4      | Reached XP level 5. HP: 38/38 MP: 8/10
   450 | D:5      | Entered Level 5 of the Dungeon
   483 | D:5      | Noticed Ijyb
   487 | D:5      | Killed Ijyb
   488 | D:5      | Reached skill level 1 in Conjurations
   516 | D:5      | Reached XP level 6. HP: 24/45 MP: 3/11
   569 | D:5      | Noticed a water moccasin
   573 | D:5      | Killed a water moccasin
   574 | D:5      | Reached skill level 5 in Conjurations
   574 | D:5      | Reached skill level 1 in Fighting
   574 | D:5      | Reached XP level 7. HP: 52/52 MP: 2/12
   653 | D:6      | Found a staircase to the Ecumenical Temple.
   663 | Temple   | Entered the Ecumenical Temple
   730 | Temple   | Became a worshipper of Cheibriados the Contemplative
   773 | D:5      | Learned a level 4 spell: Passage of Golubria
   787 | D:4      | Noticed Menkaure
   795 | D:4      | Killed Menkaure
   821 | D:5      | Reached XP level 8. HP: 63/63 MP: 3/15
   931 | D:8      | Noticed Joseph
   965 | D:7      | Reached skill level 5 in Translocations
   974 | D:7      | Slain by an orc warrior

Illustrated notes

Levels and vault maps discovered:
D:1:      eino_arrival_druids_welcome, layout_loops_ring
D:2:      layout_basic, basic_altar
D:3:      cheibrodos_greedy_goblins, layout_rooms, mainiacjoe_overflow_alcove_4,
          ebering_ecumenical_altar_webs, chequers_serial_rivers_marsh,
          st_stairs_1
D:4:      layout_basic, nicolae_overflow_crystal_walls, minmay_splitting_lines,
          uniq_menkaure
D:5:      layout_basic, uniq_ijyb
D:6:      layout_rooms, tgw_kikubaaqudgha, temple_doors_e, minmay_shop_damaged,
          bh_walls_and_bars
D:7:      layout_basic, trog_butcher_becter,
          mainiacjoe_overflow_small_starburst,
          mainiacjoe_overflow_cross_hatched, gammafunk_ghost_stat_death
D:8:      layout_loops_cross, uniq_joseph
Temple:   oiseaux_autumnal_temple

Skill      XL: |  1  2  3  4  5  6  7  8 |
---------------+-------------------------+-----
Earth Magic    | 4 5 6 |  6.1
Conjurations   | 3 5 |  5.0
Fighting       | 1 3 4 |  4.0
Spellcasting   | 3 4 |  4.0
Translocations | 2 5 |  5.4
Dodging        | |  2.4
Stealth        | |  1.4
Transmutations | |  1.2

Action                   |  1- 3 |  4- 6 |  7- 9 || total
-------------------------+-------+-------+-------++-------
 Cast: Sandblast         |    29 |    27 |    34 ||    90
       Passwall          |       |     4 |     2 ||     6
       Stone Arrow       |       |     7 |    19 ||    26
       Passage of Golubr |       |       |     2 ||     2
  Use: Scroll            |       |     3 |     2 ||     5
       Potion            |       |       |     1 ||     1
Armor: Robe              |     6 |     4 |     7 ||    17
Dodge: Dodged            |    19 |    12 |    12 ||    43
